 Dungeon Crawl Stone Soup version 0.23.1 (webtiles) character file.

Game seed: 17550033273763966658

39 LostNumber the Covered (level 3, 0/29 HPs)
             Began as a Human Fighter on Mar 10, 2019.
             Succumbed to an adder's poison
             ... on level 1 of the Dungeon.
             The game lasted 00:01:40 (718 turns).

LostNumber the Covered (Human Fighter)               Turns: 718, Time: 00:01:40

Health: 0/29       AC:  6    Str: 17    XL:     3   Next: 67%
Magic:  3/3        EV: 12    Int:  8    God:
Gold:   51         SH:  9    Dex: 17    Spells: 2/2 levels left

rFire    . . .     SeeInvis .   a - +0 long sword
rCold    . . .     Gourm    .   c - +0 shield
rNeg     . . .     Faith    .   b - +0 scale mail
rPois    .         Spirit   .   (no helmet)
rElec    .         Reflect  .   (no cloak)
rCorr    .         Harm     .   (no gloves)
MR       .....                  (no boots)
Stlth    +.........             (no amulet)
HPRegen  0.09/turn              (no ring)
MPRegen  0.08/turn              (no ring)

@: agile, lethally poisoned (0 -> -5)
A: no striking features
a: no special abilities


You were on level 1 of the Dungeon.
You were not hungry.

You visited 1 branch of the dungeon, and saw 2 of its levels.

You collected 51 gold pieces.

Inventory:

Hand Weapons
 a - a +0 long sword (weapon)
Armour
 b - a +0 scale mail (worn)
 c - a +0 shield (worn)
Scrolls
 g - 2 scrolls of fear {unknown}
 h - a scroll of fog {unknown}
 i - a scroll of random uselessness {unknown}
Potions
 d - a potion of might
Comestibles
 e - 3 rations {!d}


   Skills:
 + Level 3.2 Fighting
 * Level 2.8 Long Blades
 + Level 3.3 Armour
 + Level 3.2 Shields


You had 2 spell levels left.
You didn't know any spells.
Your spell library was empty.

Dungeon Overview and Level Annotations

Branches:
Dungeon (2/15)

Altars:


Message History

There is a stone staircase leading up here.
The adder bites you.
You climb upwards.
You feel sick.
There is a stone staircase leading down here.
Your shield and scale mail prevent you from hitting the adder.
You feel sick. The adder barely misses you. The adder bites you.
You are more poisoned.
The adder poisons you!
You completely miss the adder.
You feel sick. The adder bites you.
* * * LOW HITPOINT WARNING * * *
You are lethally poisoned!
The adder poisons you! The adder barely misses you.
You riposte.
You hit the adder. You slash the adder!
You kill the adder!
* * * LOW HITPOINT WARNING * * *
You feel sick.
There is a lethal amount of poison in your body!
There is a lethal amount of poison in your body!
It was a potion of agility.
You feel agile all of a sudden.
* * * LOW HITPOINT WARNING * * *
You feel sick.
There is a lethal amount of poison in your body!
There is a lethal amount of poison in your body!
* * * LOW HITPOINT WARNING * * *
You feel sick.
* * * LOW HITPOINT WARNING * * *
You feel sick.
* * * LOW HITPOINT WARNING * * *
You feel sick.
* * * LOW HITPOINT WARNING * * *
You feel sick.
* * * LOW HITPOINT WARNING * * *
You feel sick.
* * * LOW HITPOINT WARNING * * *
You feel sick.
Unknown command.
* * * LOW HITPOINT WARNING * * *
You feel sick.
Unknown command.
* * * LOW HITPOINT WARNING * * *
You feel sick.
* * * LOW HITPOINT WARNING * * *
You feel sick.
Unknown command.
* * * LOW HITPOINT WARNING * * *
You feel sick.
Unknown command.
You die...

###...................
#..##.#.####........
####.##.#.####....#.##
#.......#.............
####.#............#.##
####.#.##.#........
###.#.#.....[...##
##.....#..#...#..##
#.@..#.#..#...#....
#######..................
#...........##...#..###..
#...........#.........'..
#...........#...#...#.#..
#...........#...#...#.##'
#.....>.....#..........#.
#...........#..##.....##.
#...........#.###...####.


There were no monsters in sight!

Vanquished Creatures
  An adder (D:1)
  A dart slug (D:1)
  2 leopard geckos (D:1)
  4 bats (D:1)
  2 giant cockroaches (D:1)
  3 hobgoblins (D:1)
  A ball python (D:1)
  3 frilled lizards (D:1)
  A goblin (D:1)
  6 kobolds (D:1)
  3 rats (D:1)
27 creatures vanquished.

Notes
Turn   | Place    | Note
-------+----------+-------------------------------------------
     0 | D:1      | LostNumber the Human Fighter began the quest for the Orb.
     0 | D:1      | Reached XP level 1. HP: 18/18 MP: 1/1
    77 | D:1      | Reached XP level 2. HP: 23/24 MP: 2/2
   339 | D:1      | Reached XP level 3. HP: 29/29 MP: 3/3
   713 | D:1      | HP: 1/29 [poisoned by an adder]
   718 | D:1      | Succumbed to an adder's poison

Action                   || total
-------------------------++-------
Melee: Long sword        ||    89
  Use: Potion            ||     1
Armor: Scale mail        ||    47
Dodge: Dodged            ||    24
Block: Shield            ||    40
       Rpst.: Long sword ||    11
